 Dungeon Crawl Stone Soup version 0.29.1-2-gbd0b4ee654 (webtiles) character file.

Game seed: 10302423509083878618

247 H0rd4k the Insei (level 6, -10/42 HPs)
             Began as an Octopode Artificer on Nov 16, 2022.
             Mangled by an ogre
             ... wielding a +0 giant club
              (21 damage)
             ... on level 4 of the Dungeon.
             The game lasted 00:02:56 (4351 turns).

H0rd4k the Insei (Octopode Artificer)               Turns: 4351, Time: 00:02:56

Health: -10/42     AC:  1    Str: 12    XL:     6   Next: 11%
Magic:  9/9        EV: 13    Int: 15    God:
Gold:   173        SH:  0    Dex: 12    Spells: 9/9 levels left

rFire   . . .      SeeInvis .     - Unarmed
rCold   . . .      Faith    .   (no shield)
rNeg    . . .      Spirit   .   (helmet restricted)
rPois   .          Reflect  .   (no amulet)
rElec   .          Harm     .   (no ring)
rCorr   .          Rampage  .   (no ring)
Will    .....                   (no ring)
Stlth   +++.......              (no ring)
HPRegen 0.14/turn               (no ring)
MPRegen 0.11/turn               (no ring)
                                (no ring)
                                (no ring)

@: no status effects
A: almost no armour, amphibious, 8 rings, camouflage 1, gelatinous body 1,
(nimble swimmer 1), tentacles
a: no special abilities


You were on level 4 of the Dungeon.
You visited 1 branch of the dungeon, and saw 4 of its levels.

You collected 173 gold pieces.

Inventory:

Missiles
 p - 5 poisoned darts
Armour
 s - an orb of guile
Wands
 b - a wand of flame (15) (quivered)
 c - a wand of charming (14)
 d - a wand of iceblast (3)
 r - a wand of polymorph (5)
Scrolls
 e - 4 scrolls of enchant armour {unknown}
 f - a scroll of noise {unknown}
 h - a scroll of identify {unknown}
 k - 2 scrolls of magic mapping {unknown}
 l - a scroll of poison {unknown}
 q - 2 scrolls of fear {unknown}
Potions
 a - a potion of attraction {unknown}
 g - 5 potions of lignification {unknown}
 i - 3 potions of berserk rage {unknown}
 j - 3 potions of curing {unknown}
 m - 2 potions of mutation {unknown}
 n - a potion of might {unknown}
 o - 3 potions of heal wounds {unknown}


   Skills:
 * Level 3.1 Fighting
 - Level 2.3 Dodging
 - Level 1.3 Stealth
 + Level 3.7 Unarmed Combat
 * Level 2.4 Spellcasting
 - Level 3.2 Evocations


You had 9 spell levels left.
You didn't know any spells.
Your spell library contained the following spells:

 Spells                   Type           Power      Damage    Failure   Level
 Scorch                   Fire           2%         2d5       32%         2
 Sublimation of Blood     Necr           1%         N/A       32%         2
 Stone Arrow              Conj/Erth      2%         3d7       54%         3
 Flame Wave               Conj/Fire      1%         2d4       91%         4
 Petrify                  Tmut/Erth      1%         N/A       91%         4
 Irradiate                Conj/Tmut      0%         3d11      99%         5
 Summon Cactus Giant      Summ           0%         N/A       100%        6
 Lehudib's Crystal Spear  Conj/Erth      0%         10d2      100%        8
 Animate Armour           Summ/Erth      Unusable   N/A       N/A         4

Dungeon Overview and Level Annotations

Branches:
Dungeon (4/15)
 Temple: D:4-7

Altars:


Innate Abilities, Weirdness & Mutations

You cannot wear most types of armour.
You are amphibious.
You can wear up to eight rings at the same time.
Your skin changes colour to match your surroundings (Stealth+).
Your rubbery body absorbs attacks. (AC +1, EV +1)
((You are camouflaged when in or above water. (Stealth+)))
You have tentacles for arms and can constrict up to eight enemies at once.


Message History

The adder is heavily wounded.
The adder bites you.
You tentacle-slap the adder. You grab the adder. You squeeze the adder.
You kill the adder!
You see here an adder corpse.
An orc comes into view. It is wielding a +0 hand axe.
An orc is nearby!
An orc is nearby!
An orc is nearby!
The orc shouts!
An ogre comes into view. It is wielding a +0 giant club.
Found a stone staircase leading down.
The ogre shouts!
You closely miss the orc. You grab the orc. You constrict the orc.
The orc completely misses you.
You tentacle-slap the orc.
The orc is almost dead.
You constrict the orc.
You kill the orc!
The ogre misses you.
You tentacle-slap the ogre. You squeeze the ogre!
The ogre is moderately wounded.
The ogre closely misses you.
You completely miss the ogre. Your squeeze misses the ogre.
The ogre is moderately wounded.
You bludgeon the ogre!
The ogre is heavily wounded.
The ogre barely misses you.
You barely miss the ogre. You squeeze the ogre.
The ogre is severely wounded.
The ogre hits you with a +0 giant club!!
Ouch! That really hurt!
* * * LOW HITPOINT WARNING * * *
You tentacle-slap the ogre.
The ogre is almost dead.
You tentacle-slap the ogre but do no damage.
The ogre is almost dead.
The ogre hits you with a +0 giant club!!
Ouch! That really hurt!
You die...

.# #......#
#.....##
##..### # #..#
.. #..# .. #..#
.# #..# .##
#..##...###
#..@O.....#
#..)..>.....
#........####
#.........#
#...........#
#..#.........#
#..............
#..............


You could see an ogre.

Vanquished Creatures
  A scorpion (D:4)
  A hound (D:4)
  2 gnolls (D:1)
  6 adders
  A worm (D:2)
  A dart slug (D:1)
  An orc (D:4)
  8 endoplasms
  3 giant cockroaches
  7 hobgoblins
  2 jackals (D:3)
  9 kobolds
  5 quokkas
  7 ball pythons
  7 bats
  3 frilled lizards
  7 goblins
  3 rats (D:1)
74 creatures vanquished.

Vanquished Creatures (collateral kills)
  An endoplasm (D:1)
1 creature vanquished.

Grand Total: 75 creatures vanquished

Notes
Turn   | Place    | Note
-------+----------+-------------------------------------------
     0 | D:1      | H0rd4k the Octopode Artificer began the quest for the Orb.
     0 | D:1      | Reached XP level 1. HP: 13/13 MP: 1/1
   547 | D:1      | Reached XP level 2. HP: 18/18 MP: 3/3
   576 | D:1      | Reached skill level 1 in Spellcasting
  1097 | D:1      | Reached XP level 3. HP: 19/24 MP: 3/5
  1282 | D:1      | Reached skill level 1 in Unarmed Combat
  2041 | D:2      | Reached XP level 4. HP: 27/29 MP: 6/6
  3410 | D:3      | Found a faded altar of an unknown god.
  3587 | D:3      | Reached XP level 5. HP: 30/35 MP: 8/8
  4184 | D:4      | Reached XP level 6. HP: 35/42 MP: 9/9
  4351 | D:4      | Mangled by an ogre

Illustrated notes

Levels and vault maps discovered:
D:1:      grunt_arrival_crossed_arrows, layout_loops_ring
D:2:      layout_loops_ring, ebering_dispersal_statue_hall
D:3:      layout_basic, nicolae_ecumenical_pavilion
D:4:      layout_layer_cave, minmay_temple_entry_drinking_statues,
          minmay_cupped, uniq_pikel

Skill      XL: |  1  2  3  4  5 |
---------------+----------------+-----
Spellcasting   | 1 2 |  2.4
Fighting       | 2 3 |  3.1
Unarmed Combat | 1 2 3 |  3.7
Dodging        | |  2.3
Stealth        | |  1.3
Evocations     | |  3.2

Action                   |  1- 3 |  4- 6 || total
-------------------------+-------+-------++-------
Melee: Unarmed           |    85 |   103 ||   188
       Tentacles         |    21 |    27 ||    48
       Constrict         |    20 |    29 ||    49
       Punch             |     1 |     4 ||     5
Evoke: Wand              |     1 |     2 ||     3
 Stab: Sleeping          |     8 |     7 ||    15
Armor: Skin              |     6 |     7 ||    13
Dodge: Dodged            |    60 |    69 ||   129
